 Dungeon Crawl Stone Soup version 0.30-a0-141-g30f27751c5 (webtiles) character file.

Game seed: 5835110554681140330

7 KennySheep the Sneak (level 2, -3/22 HPs)
             Began as a Naga Earth Elementalist on Sept 26, 2022.
             Slain by a hobgoblin (4 damage)
             ... on level 1 of the Dungeon.
             The game lasted 00:00:47 (263 turns).

KennySheep the Sneak (Naga Earth Elementalist)       Turns: 263, Time: 00:00:47

Health: -3/22      AC:  1    Str: 10    XL:     2   Next: 0%
Magic:  4/5        EV:  9    Int: 15    God:
Gold:   13         SH:  0    Dex: 11    Spells: 4/5 levels left

rFire   . . .      SeeInvis +    c - +0 club
rCold   . . .      Faith    .    (no shield)
rNeg    . . .      Spirit   .    a - +0 robe
rPois   +          Reflect  .    (no helmet)
rElec   .          Harm     .    (no cloak)
rCorr   .          Rampage  .    (no gloves)
Will    .....                    (no barding)
Stlth   ++........               (no amulet)
HPRegen 0.07/turn                (no ring)
MPRegen 0.09/turn                (no ring)

@: very slow
A: AC +0, large, see invisible, deformed body, poison resistance, slowness 2,
spit poison 1, naga tail 1
a: Spit Poison


You were on level 1 of the Dungeon.
You visited 1 branch of the dungeon, and saw 1 of its levels.

You collected 13 gold pieces.

Inventory:

Hand Weapons
 c - a +0 club (weapon)
Armour
 a - a +0 robe (worn)


   Skills:
 + Level 0.2 Fighting
 + Level 1.6 Dodging
 + Level 3.1 Stealth
 + Level 2.0 Spellcasting
 * Level 0.4 Conjurations
 + Level 1.1 Transmutations
 * Level 3.1 Earth Magic


You had 4 spell levels left.
You knew the following spells:

 Your Spells              Type           Power      Damage    Failure   Level
a - Sandblast             Erth           20%        2d7       6%          1

Your spell library contained the following spells:

 Spells                   Type           Power      Damage    Failure   Level
 Passwall                 Tmut/Erth      5%         N/A       14%         2
 Stone Arrow              Conj/Erth      12%        3d7       32%         3
 Petrify                  Tmut/Erth      7%         N/A       67%         4


Dungeon Overview and Level Annotations

Branches:
Dungeon (1/15)

Altars:


Innate Abilities, Weirdness & Mutations

Your serpentine skin is tough. (AC +0)
You have supernaturally acute eyesight. (SInv)
Armour fits poorly on your strangely shaped body.
Your system is resistant to poisons. (rPois)
You cover ground very slowly.
You can spit poison.
You have a snake-like lower body.


Message History

You start resting.
Magic restored.
A kobold comes into view. It is wielding a +0 short sword.
The kobold shouts!
You hear an angry hiss.
A frilled lizard comes into view.
The kobold throws a stone.
The stone barely misses you.
The kobold throws a stone.
The stone hits you but does no damage.
There are monsters nearby!
A rat comes into view.
Found a scroll labelled CETA BIGUTIU and 5 gold pieces.
The kobold throws a stone.
The stone hits you.
A ball python comes into view.
The ball python hisses angrily.
A hobgoblin comes into view.
The blast of sand hits the frilled lizard!
You kill the frilled lizard!
The hobgoblin shouts!
You hear an angry hiss.
You hear a shout!
A ball python comes into view.
The blast of sand hits the kobold.
The kobold is severely wounded.
The kobold hits you with a +0 short sword.
The blast of sand hits the kobold!
You kill the kobold!
The ball python bites you.
You have reached level 2!
The ball python closely misses you.
The ball python attacks as you move away!
The ball python barely misses you. The ball python bites you.
Magic courses through your body. The ball python bites you.
The blast of sand misses the ball python.
The ball python bites you.
* * * LOW HITPOINT WARNING * * *
The hobgoblin hits you.
* * * LOW HITPOINT WARNING * * *
The ball python closely misses you. The rat attacks as you move away!
The rat bites you but does no damage. The hobgoblin attacks as you move away!
The hobgoblin hits you.
* * * LOW HITPOINT WARNING * * *
The hobgoblin hits you.
You die...

.......#.............
.....#............$.
......†.....>........
...................?.
######...............
#........)......
#...............
#....SrS........
##...@g$.......#
##.....#.....##
#############


You could see a hobgoblin, 2 ball pythons and a rat.

Vanquished Creatures
  A goblin (D:1)
  A kobold (D:1)
  A quokka (D:1)
  2 ball pythons (D:1)
  A bat (D:1)
  A frilled lizard (D:1)
7 creatures vanquished.

Notes
Turn   | Place    | Note
-------+----------+-------------------------------------------
     0 | D:1      | KennySheep the Naga Earth Elementalist began the quest for
                  | the Orb.
     0 | D:1      | Reached XP level 1. HP: 15/15 MP: 3/3
   259 | D:1      | Reached XP level 2. HP: 12/22 MP: 0/5
   263 | D:1      | HP: 1/22 [hobgoblin (2)]
   263 | D:1      | Slain by a hobgoblin

Illustrated notes

Levels and vault maps discovered:
D:1:      heliophobic_arrival_dark_side_of_the_moon, layout_rooms, serial_shops,
          nicolae_shop_trees

Action                   || total
-------------------------++-------
Melee: Unarmed           ||     5
 Cast: Sandblast         ||    10
  Use: Potion            ||     1
Armor: Robe              ||     3
Dodge: Dodged            ||     5

Table legend: (Time is in decaauts)
 A = Elapsed time spent in this place.
 B = Non-inter-level travel time spent in this place.
 C = Inter-level travel time spent in this place.
 D = Time resting spent in this place.
 E = Time spent auto-exploring this place.
 F = Levels seen in this place.
 G = Mean time per level.
                   A        B        C        D        E       F      G
               +--------+--------+--------+--------+--------+-----+--------+
         Total |    290 |    290 |      0 |    175 |     63 |   1 |  290.0 |
       Dungeon |    290 |    290 |      0 |    175 |     63 |   1 |  290.0 |
               +--------+--------+--------+--------+--------+-----+--------+

Top non-repeatable levels by time:
     D:1: 290 daAuts
